 Dungeon Crawl Stone Soup version 0.30.1-11-g7821555f0a (webtiles) character file.

Game seed: 4901655458832420814

55321 Wiggles the Executioner (level 14, -2/136 HPs)
             Began as a Minotaur Berserker on Dec 8, 2023.
             Was a High Priest of Trog.
             Killed from afar by a rime drake (5 damage)
             ... with an icy flash freeze
             ... while petrified by a catoblepas
             ... on level 5 of the Lair of Beasts.
             The game lasted 00:26:25 (13490 turns).

Wiggles the Executioner (Minotaur Berserker)       Turns: 13490, Time: 00:26:25

Health: -2/136     AC: 29    Str: 33    XL:     14   Next: 37%
Magic:  13/13      EV:  2    Int:  4    God:    Trog [*****.]
Gold:   1117       SH:  0    Dex: 10    Spells: 13/13 levels left

rFire   . . .        G - +4 battleaxe (chaos)
rCold   . . .        (shield currently unavailable)
rNeg    + + +        n - +2 plate armour
rPois   ∞            (helmet restricted)
rElec   +            l - +2 cloak {Stlth+}
rCorr   .            J - +2 pair of gloves of Vexation {rPois rN++ Regen+ Stlth+}
SInv    .            o - +1 pair of boots of Unambiguity {rElec rPois}
Will    ++...        A - amulet of regeneration Stlth
                     i - ring of willpower
HPRegen 2.02/turn    q - +6 ring of strength
MPRegen 0.13/turn

%: no passive effects
@: petrified
A: horns 2, retaliatory headbutt
a: Renounce Religion, Berserk, Trog's Hand, Brothers in Arms


You were on level 5 of the Lair of Beasts.
You worshipped Trog.
Trog was extremely pleased with you.
You visited 2 branches of the dungeon, and saw 16 of its levels.

You collected 1182 gold pieces.
You spent 65 gold pieces at shops.

Inventory:

Hand Weapons
 j - a +1 battleaxe of electrocution
 G - a +4 battleaxe of chaos (weapon)
Missiles
 I - 3 throwing nets (quivered)
Armour
 l - a +2 cloak of stealth (worn)
 n - a +2 plate armour (worn)
 o - the +1 pair of boots of Unambiguity (worn) {rElec rPois}
   (You found it on level 3 of the Dungeon)

   rElec:     It insulates you from electricity.
   rPois:     It protects you from poison.
 J - the +2 pair of gloves of Vexation (worn) {rPois rN++ Regen+ Stlth+}
   (You acquired it on level 3 of the Lair of Beasts)

   rPois:     It protects you from poison.
   rN:        It greatly protects you from negative energy.
   Regen:     It increases your rate of health regeneration.
   Stlth:     It makes you more stealthy.
Jewellery
 i - a ring of willpower (left hand)
 q - a +6 ring of strength (right hand)
 A - an amulet of regeneration (around neck)
Wands
 a - a wand of mindburst (6)
 c - a wand of acid (18)
 f - a wand of polymorph (5)
 u - a wand of digging (3)
 w - a wand of flame (48)
 y - a wand of charming (7)
Scrolls
 b - a scroll of poison
 d - 10 scrolls of teleportation
 e - 7 scrolls of magic mapping
 k - a scroll of fear
 x - 2 scrolls of fog
 z - 3 scrolls of blinking
 F - 8 scrolls of identify
Potions
 g - 7 potions of haste
 h - 4 potions of mutation
 m - a potion of cancellation
 p - a potion of flight
 r - 5 potions of heal wounds
 s - a potion of might
 t - 6 potions of curing
 v - 3 potions of lignification
 E - 3 potions of magic
 H - 2 potions of invisibility
Miscellaneous
 B - a piece from Xom's chessboard (15/15)


   Skills:
 + Level 15.8 Fighting
 + Level 22.8 Axes
 + Level 15.5 Armour
 + Level 4.6 Dodging
 + Level 2.7 Stealth
 + Level 1.4 Evocations


You had 13 spell levels left.
You didn't know any spells.
Your spell library was empty.

Dungeon Overview and Level Annotations

Branches:
Dungeon (11/15)            Temple (0/1) D:6            Lair (5/5) D:11
 Shoals (0/4) Lair:3       Spider (0/4) Lair:3        Slime (0/5) Lair:4
    Orc (0/2) D:10

Altars:
Makhleb
Okawaru
Qazlal
Vehumet
Jiyva

Shops:
D:6 !   D:11 !

Portals:
Abyss: D:8


Innate Abilities, Weirdness & Mutations

You have a pair of horns on your head.
You reflexively headbutt those who attack you in melee.


Message History

The death yak dies!
Trog accepts your kill.
You are engulfed in calcifying dust.
The rime drake breathes ice at you. The icy flash freeze hits you!
* * * LOW HITPOINT WARNING * * *
You are encased in ice.
The lindwurm bites you!
* * * LOW HITPOINT WARNING * * *
The lindwurm claws you but does no damage. x2
The catoblepas gores you!
* * * LOW HITPOINT WARNING * * *
Your troll barely misses the manticore.
Your troll claws the manticore!
Your troll claws the manticore.
The manticore bites you but does no damage.
The manticore claws you but does no damage. x2
The rime drake bites you but does no damage.
Your troll bites the manticore.
Your troll claws the manticore! x2
The lindwurm bites you.
* * * LOW HITPOINT WARNING * * *
The lindwurm claws you but does no damage.
The lindwurm barely misses you. The catoblepas gores you.
A dream sheep comes into view.
The manticore misses your troll. The manticore claws your troll!
The manticore claws your troll.
Your troll bites the manticore but does no damage.
Your troll claws the manticore!
The manticore dies!
Trog accepts your kill. The rime drake completely misses you.
The ice encasing you melts away.
The death yak is no longer berserk.
The dream sheep completely misses your troll.
The lindwurm bites you.
* * * LOW HITPOINT WARNING * * *
The lindwurm barely misses you. x2
The catoblepas gores you but does no damage.
The rime drake breathes ice at you. The icy flash freeze hits you!
You die...

.###............###
#.#†........ .#
#............#.#
###......... .#
##.............#
#........## .#
#........###..#
###..###### .##
#..#######
############# ..#
.## ####...##### ###
.## ###.P.....P#.##
#P. .#
#..k..........###.^
.##
#.@Y.#####.....##..
..#
#.kYT.....#.....##..
..#
#P.Y..#...#.#..P##..
..#
###.......#...######
..#
...###?###.......#
..# #....
##P....#...# ..##
.Y... #..........#
...# .#.....
###...†#†### ...#
##........


You could see a death yak (petrified, slow, drained, ally target), a catoblepas,
a lindwurm (strong), a rime drake (catching breath), 2 dream sheep and a
friendly troll (summoned, berserk).

Vanquished Creatures
  A fire dragon (Lair:5)
  A catoblepas (Lair:5)
  2 hydras
  A boulder beetle (Lair:4)
  A two-headed ogre (D:8)
  3 death yaks (Lair:5)
  The ghost of chicagocrazy the Covert, a novice DsBr (D:8)
  The ghost of Grendle the Geomancer, a novice GrEE of Vehumet (D:9)
  Amaemon (Lair:3)
  A skyshark (Lair:4)
  A swamp dragon (Lair:5)
  An orc knight (D:11)
  Pikel (D:5)
  An oklob plant (Lair:1)
  An ugly thing (D:11)
  3 black mambas
  Maurice (D:8)
  8 elephants
  A gargoyle (D:11)
  2 torpor snails
  An orange demon (Lair:3)
  16 cane toads
  An unseen horror (D:11)
  7 rime drakes
  9 komodo dragons
  A polar bear (Lair:3)
  3 trolls
  A queen bee (shapeshifter) (Lair:5)
  A hornet (D:9)
  18 blink frogs
  A snapping turtle (Lair:3)
  9 dream sheep
  4 jumping spiders (Lair:3)
  A shadow (D:11)
  5 culicivoras (Lair:3)
  4 wraiths
  Eustachio (D:5)
  7 wyverns
  45 yaks
  7 vampire mosquitoes (D:11)
  11 basilisks
  3 steam dragons
  Grum (D:10)
  2 small abominations (D:8)
  2 redbacks (Lair:3)
  2 acid dragons (Lair:5)
  Menkaure (D:5)
  Edmund (D:5)
  5 water moccasins
  2 swamp drakes (Lair:5)
  3 ice beasts
  A sky beast (D:8)
  13 orc warriors
  A black bear (Lair:3)
  2 centaurs
  23 wolves
  An ogre (D:5)
  5 phantoms
  16 bullfrogs
  2 kobold brigands (D:8)
  3 gnoll sergeants
  9 scorpions
  15 wights
  2 electric eels (Lair:3)
  A howler monkey (D:6)
  A quasit (D:8)
  5 jellies
  Crazy Yiuf (D:7)
  6 orc priests
  2 sleepcaps
  8 iguanas
  16 orc wizards
  18 gnolls
  9 adders
  A shadow imp (D:5)
  A white imp (D:6)
  2 ufetubi
  5 worms
  2 dart slugs
  59 orcs
  5 ball pythons
  9 bats
  4 endoplasms
  5 giant cockroaches
  7 goblins
  7 hobgoblins
  4 jackals (D:5)
  9 kobolds
  4 quokkas
  A frilled lizard (D:2)
  4 rats (D:1)
497 creatures vanquished.

Vanquished Creatures (collateral kills)
  A hydra (Lair:4)
  A death yak (Lair:5)
  A manticore (Lair:5)
  A cane toad (Lair:4)
  A blink frog (Lair:4)
  A yak (Lair:4)
  A warg (D:9)
  An orc warrior (D:9)
  A gnoll sergeant (D:8)
  A howler monkey (D:8)
  An orc (D:8)
11 creatures vanquished.

Vanquished Creatures (others)
  A cane toad zombie (Lair:4)
  An orc wizard (D:10)
2 creatures vanquished.

Grand Total: 510 creatures vanquished

Notes
Turn   | Place    | Note
-------+----------+-------------------------------------------
     0 | D:1      | Wiggles the Minotaur Berserker began the quest for the Orb.
     0 | D:1      | Reached XP level 1. HP: 19/19 MP: 0/0
    85 | D:1      | Reached XP level 2. HP: 26/27 MP: 1/1
   241 | D:1      | Found a faded altar of an unknown god.
   267 | D:1      | Reached skill level 4 in Axes
   398 | D:1      | Reached ** piety under Trog
   433 | D:1      | Reached XP level 3. HP: 33/33 MP: 2/2
   830 | D:2      | Reached XP level 4. HP: 41/41 MP: 3/3
  1180 | D:3      | Reached skill level 5 in Axes
  1424 | D:3      | Reached XP level 5. HP: 11/47 MP: 4/4
  1682 | D:3      | Identified the +1 pair of boots of Unambiguity {rElec
                  | rPois}
  1813 | D:3      | Reached *** piety under Trog
  2070 | D:4      | Reached skill level 6 in Axes
  2147 | D:4      | Reached XP level 6. HP: 55/55 MP: 5/5
  2261 | D:4      | Reached skill level 5 in Fighting
  2419 | D:4      | Found a radiant altar of Vehumet.
  2429 | D:4      | Reached skill level 7 in Axes
  2509 | D:4      | Reached XP level 7. HP: 61/61 MP: 6/6
  2581 | D:5      | Entered Level 5 of the Dungeon
  2597 | D:5      | Reached skill level 8 in Axes
  2650 | D:5      | Noticed Eustachio
  2664 | D:5      | Killed Eustachio
  2665 | D:5      | Reached skill level 5 in Armour
  2703 | D:5      | Noticed Menkaure
  2708 | D:5      | Killed Menkaure
  2825 | D:5      | Reached skill level 9 in Axes
  2825 | D:5      | Reached XP level 8. HP: 67/70 MP: 7/7
  2895 | D:5      | Noticed Pikel
  2918 | D:5      | Killed Pikel
  2919 | D:5      | Reached skill level 10 in Axes
  2949 | D:5      | Found a stormy altar of Qazlal.
  3219 | D:5      | Reached skill level 11 in Axes
  3284 | D:5      | Noticed Edmund
  3289 | D:5      | Killed Edmund
  3700 | D:5      | Identified a scroll of acquirement
  3700 | D:5      | Acquired a manual of Axes
  3766 | D:6      | Reached **** piety under Trog
  3769 | D:6      | Reached XP level 9. HP: 78/78 MP: 8/8
  4078 | D:6      | Reached skill level 12 in Axes
  4113 | D:6      | Found a staircase to the Ecumenical Temple.
  4163 | D:6      | Found Hixys's Distillery.
  4186 | D:6      | Reached skill level 1 in Stealth
  4602 | D:6      | Identified the +1 robe "Iqaheis" {rN+ Dex+8}
  4657 | D:7      | Found a runed translucent door.
  4658 | D:7      | Noticed Crazy Yiuf
  4665 | D:7      | Killed Crazy Yiuf
  4724 | D:7      | Reached skill level 13 in Axes
  5178 | D:7      | Reached skill level 14 in Axes
  5460 | D:8      | Noticed Maurice
  5465 | D:8      | Killed Maurice
  5684 | D:8      | Noticed a two-headed ogre
  5692 | D:8      | Reached XP level 10. HP: 88/88 MP: 9/9
  5692 | D:8      | Killed a two-headed ogre
  5693 | D:8      | Reached skill level 15 in Axes
  5702 | D:8      | Found a radiant altar of Vehumet.
  5710 | D:8      | Reached skill level 16 in Axes
  6086 | D:8      | Found a transporter.
  6086 | D:8      | Found a one-way gate to the infinite horrors of the Abyss.
  6086 | D:8      | Noticed chicagocrazy's ghost (novice DsBr)
  6282 | D:8      | Found a transporter.
  6612 | D:8      | Killed chicagocrazy's ghost
  6613 | D:8      | Reached skill level 17 in Axes
  6914 | D:9      | Found a burning altar of Makhleb.
  6914 | D:9      | Noticed a balrug
  6934 | D:9      | Found an iron altar of Okawaru.
  7253 | D:9      | Found a runed translucent gate.
  7253 | D:9      | Noticed Grendle's ghost (novice GrEE)
  7254 | D:9      | Found a runed translucent gate.
  7257 | D:9      | Found a runed translucent gate.
  7305 | D:9      | Reached skill level 10 in Armour
  7307 | D:9      | Reached skill level 18 in Axes
  7311 | D:9      | Reached XP level 11. HP: 74/97 MP: 10/10
  7539 | D:9      | Reached ***** piety under Trog
  7884 | D:9      | Killed Grendle's ghost
  7885 | D:9      | Reached skill level 19 in Axes
  8110 | D:9      | Identified the +1 pair of gloves of Oblivion {rElec rF-
                  | Regen+ Dex+3}
  8137 | D:10     | Entered Level 10 of the Dungeon
  8353 | D:10     | Reached skill level 10 in Fighting
  8411 | D:10     | Found a staircase to the Orcish Mines.
  8576 | D:10     | Noticed Grum
  8589 | D:10     | Killed Grum
  9032 | D:11     | Reached skill level 20 in Axes
  9130 | D:11     | Found Isatt's Distillery.
  9281 | D:11     | Bought a potion of heal wounds for 65 gold pieces
  9308 | D:11     | Reached XP level 12. HP: 108/110 MP: 11/11
  9328 | D:11     | Received a gift from Trog
  9566 | D:11     | Found a staircase to the Lair.
  9654 | Lair:1   | Entered Level 1 of the Lair of Beasts
  9897 | Lair:1   | Reached skill level 21 in Axes
 10820 | Lair:3   | Found a hole to the Spider Nest.
 10869 | Lair:3   | Noticed Amaemon
 10877 | Lair:3   | Killed Amaemon
 10923 | Lair:3   | Reached skill level 1 in Evocations
 11171 | Lair:3   | Received a gift from Trog
 11217 | Lair:3   | Reached ****** piety under Trog
 11224 | Lair:3   | Reached XP level 13. HP: 122/122 MP: 12/12
 11514 | Lair:3   | Found a staircase to the Shoals.
 11908 | Lair:3   | Acquired the +2 pair of gloves of Vexation {rPois rN++
                  | Regen+ Stlth+}
 12084 | Lair:4   | Found a viscous altar of Jiyva.
 12104 | Lair:4   | Found a staircase to the Slime Pits.
 12292 | Lair:4   | Reached skill level 22 in Axes
 12596 | Lair:4   | HP: 3/125 [boulder beetle (31)]
 12671 | Lair:5   | Entered Level 5 of the Lair of Beasts
 12807 | Lair:5   | Reached skill level 15 in Fighting
 12916 | Lair:5   | Received a gift from Trog
 12917 | Lair:5   | Reached skill level 15 in Armour
 12919 | Lair:5   | Reached XP level 14. HP: 135/135 MP: 13/13
 13488 | Lair:5   | HP: 3/136 [catoblepas (4)]
 13490 | Lair:5   | Killed from afar by a rime drake

Illustrated notes

Levels and vault maps discovered:
D:1:      sevenhm_arrival_forest_fort_small_3, layout_rooms,
          dreamdust_ecumenical_altar_statues
D:2:      layout_rooms
D:3:      layout_loops_ring, serial_park_tiny_1
D:4:      layout_rooms, mainiacjoe_overflow_brackets
D:5:      layout_basic, mainiacjoe_overflow_alcove_2, kennysheep_generic_room_2,
          uniq_eustachio, uniq_menkaure, uniq_pikel, uniq_edmund
D:6:      layout_basic, minmay_temple_entry_junction_2, serial_shops,
          nicolae_shop_competitors_out_of_business
D:7:      layout_loops_cross, kennysheep_windowed_goal, uniq_crazy_yiuf_cottage
D:8:      layout_cave_pods, gammafunk_ghost_abyssal_escape, roderic_lattice_a,
          minmay_ruined_shrine, uniq_maurice
D:9:      layout_basic, mainiacjoe_overflow_surrounded_room,
          makhleb_altar_promises_db, biasface_ghost_orc_armoury,
          nicolae_wand_duel
D:10:     layout_long_grid, hiddenorc1_lemuel, uniq_grum
D:11:     layout_roguey, grunt_lair_entry_orc_guard_hut, serial_shops,
          nicolae_shop_tiny_glass, special_room [special_room_orc]
Lair:1:   layout_big_grid, chequers_serial_rivers_room_a,
          minmay_lair_oklob_bushes, serial_bayou_lagoon_a, beast_lair_carwin_3
Lair:2:   layout_loops_ring, nicolae_lair_grove_arrangements
Lair:3:   layout_regular_city, minmay_shoals_entry_hut,
          nicolae_spider_entry_tight_spaces, pdpol_lair_cavern_descent,
          uniq_amaemon
Lair:4:   layout_concentric_octagons, slime_entry_1
Lair:5:   guppyfry_lair_end_dragon, layout_cellular_growth,
          hangedman_lair_in_review, kennysheep_basilisk_garden

Skill      XL: |  1  2  3  4  5  6  7  8  9 10 11 12 13 |
---------------+----------------------------------------+-----
Axes           | 4 5 6 7 9 11 14 18 20 21 22 | 22.8
Fighting       | 4 5 6 7 9 11 13 15 | 15.8
Armour         | 3 4 5 6 8 10 11 13 15 | 15.5
Dodging        | 3 4 |  4.6
Stealth        | 1 2 |  2.7
Evocations     | 1 |  1.4

Action                     |  1- 3 |  4- 6 |  7- 9 | 10-12 | 13-15 || total
---------------------------+-------+-------+-------+-------+-------++-------
  Melee: Hand axe          |    74 |     3 |       |       |       ||    77
         Headbutt          |    12 |     9 |    30 |    89 |    68 ||   208
         Battleaxe         |       |   118 |   184 |   459 |   350 ||  1111
 Invoke: Berserk           |     1 |     1 |     7 |     5 |     1 ||    15
         Brothers in Arms  |       |       |       |     2 |     2 ||     4
  Evoke: Wand              |       |       |       |     5 |       ||     5
    Use: Scroll            |       |       |    22 |     7 |     5 ||    34
         Potion            |       |       |       |       |     3 ||     3
   Stab: Distracted        |       |       |       |       |     1 ||     1
 Armour: Animal skin       |     2 |       |       |       |       ||     2
         Ring mail         |    27 |    10 |       |       |       ||    37
         Leather armour    |     7 |       |       |       |       ||     7
         Plate armour      |       |    95 |   126 |   324 |   316 ||   861
  Dodge: Dodged            |    60 |    63 |    74 |   191 |   171 ||   559
